 Dungeon Crawl Stone Soup version 0.25-a0-474-ga8a2ee3 (webtiles) character file.

Game seed: 71251958196285082, levelgen mode: deterministic

42 Crocosaw the Sneak (level 3, 0/18 HPs)
             Began as a Vine Stalker Assassin on Feb 6, 2020.
             Succumbed to an adder's poison
             ... on level 1 of the Dungeon.
             The game lasted 00:06:53 (1113 turns).

Crocosaw the Sneak (Vine Stalker Assassin)          Turns: 1113, Time: 00:06:53

Health: 0/18       AC:  3    Str: 13    XL:     3   Next: 56%
Magic:  2/4        EV: 12    Int: 11    God:
Gold:   97         SH:  0    Dex: 16    Spells: 2/2 levels left

rFire    + . .     SeeInvis .   a - +2 dagger
rCold    + . .     Gourm    .   (no shield)
rNeg     . . .     Faith    .   b - +0 robe
rPois    +         Spirit   +   (no helmet)
rElec    +         Reflect  .   c - +0 cloak
rCorr    +         Harm     .   (no gloves)
MR       .....                  (no boots)
Stlth    +++.......             j - amulet of the acrobat
HPRegen  0.06/turn              (no ring)
MPRegen  0.09/turn              (no ring)

@: lethally poisoned (0 -> -5), resistant
A: fangs 2, magic shield, antimagic bite, no potion heal 3, rot immunity
a: no special abilities


You were on level 1 of the Dungeon.
You were hungry.

You visited 1 branch of the dungeon, and saw 2 of its levels.

You collected 97 gold pieces.

Inventory:

Hand Weapons
 a - a +2 dagger (weapon)
Missiles
 d - 34 poisoned darts
 e - a curare-tipped dart (quivered)
Armour
 b - a +0 robe (worn)
 c - a +0 cloak (worn)
Jewellery
 h - a +5 ring of dexterity
 j - an amulet of the acrobat (around neck)
Scrolls
 l - a scroll of random uselessness {unknown}
 n - a scroll of remove curse {unknown}
Potions
 i - a potion of curing {unknown}
 k - a potion of flight
Comestibles
 f - 2 rations
 m - 8 chunks of flesh


   Skills:
 + Level 1.9 Fighting
 + Level 2.2 Short Blades
 + Level 1.9 Throwing
 + Level 0.8 Dodging
 + Level 6.0 Stealth


You had 2 spell levels left.
You didn't know any spells.
Your spell library was empty.

Dungeon Overview and Level Annotations

Branches:
Dungeon (2/15)

Altars:
Xom


Innate Abilities, Weirdness & Mutations

You have extremely sharp teeth.
When hurt, damage is shared between your health and your magic reserves.
Your bite disrupts and absorbs the magic of your enemies.
Potions cannot restore your health.
You are immune to rotting.


Message History

The bat hits you but does no damage. The adder bites you but does no damage.
You climb upwards.
There is a stone staircase leading down, spattered with blood here.
You see here a stone.
You can't go up here!
The adder closely misses you. The adder completely misses you.
The adder completely misses you. The adder closely misses you.
The adder closely misses you. The adder bites you.
You are lethally poisoned!
The adder poisons you!
* * * LOW HITPOINT WARNING * * *
You feel sick.
* * * LOW HITPOINT WARNING * * *
You feel sick.
It was a potion of resistance.
You feel protected.
You die...

#.....#.....##
#.....##.....#
###.##...#.....#
##########......####.....
##...##...#.##.### ###....
##..............# ##.###..
#........)>..#######....###
#........)........##....(..
#.........@S.......#.......
##..........####...........
##...##...## ##..........
########## #####......
##...... #....... #.......
#....... ######.......


You could see an adder.

Vanquished Creatures
  An adder (D:2)
  An ooze (D:2)
  A leopard gecko (D:1)
  4 goblins
  6 hobgoblins
  A ball python (D:2)
  4 bats
  3 frilled lizards
  5 kobolds
  2 rats
28 creatures vanquished.

Notes
Turn   | Place    | Note
-------+----------+-------------------------------------------
     0 | D:1      | Crocosaw the Vine Stalker Assassin began the quest for the
                  | Orb.
     0 | D:1      | Reached XP level 1. HP: 11/11 MP: 2/2
    28 | D:1      | Reached skill level 5 in Stealth
   210 | D:1      | Reached XP level 2. HP: 11/15 MP: 1/3
   457 | D:1      | Found a hazy altar of Hepliaklqana.
   459 | D:1      | Found a shimmering altar of Xom.
   459 | D:1      | Found a snail-covered altar of Cheibriados.
   462 | D:1      | Found a white marble altar of Elyvilon.
   462 | D:1      | Found an ancient bone altar of Kikubaaqudgha.
   462 | D:1      | Found a glowing golden altar of the Shining One.
   994 | D:2      | Reached XP level 3. HP: 18/18 MP: 4/4
  1029 | D:2      | Reached skill level 6 in Stealth
  1113 | D:1      | Succumbed to an adder's poison

Levels and vault maps discovered:
D:1:      minmay_arrival_loop, layout_rooms, minmay_statues_item,
          doesnt_xom_only_xom
D:2:      layout_rooms, first_ration

Skill      XL: |  1  2  3 |
---------------+----------+-----
Stealth        | 5 6 |  6.0
Short Blades   | 2 |  2.2
Fighting       | |  1.9
Throwing       | |  1.9
Dodging        | |  0.8

Action                   || total
-------------------------++-------
Melee: Dagger            ||    79
       Bite              ||    15
Throw: Dart              ||     1
  Use: Scroll            ||     5
       Potion            ||     2
 Stab: Sleeping          ||     6
Armor: Robe              ||    19
Dodge: Dodged            ||    74

Table legend:
 A = Non-vault XP
 B = Vault XP
 C = Vault XP percentage of total XP
 D = Non-vault monster count
 E = Vault monster count
 F = Vault count percentage of total count
                 A         B        C        D         E       F
            +---------+---------+-------+---------+---------+-------
      Total |      61 |       0 |   0.0 |      28 |       0 |   0.0
            +---------+---------+-------+---------+---------+-------
        D:1 |      28 |       0 |   0.0 |      17 |       0 |   0.0
        D:2 |      33 |       0 |   0.0 |      11 |       0 |   0.0
            +---------+---------+-------+---------+---------+-------
